 Dungeon Crawl Stone Soup version 0.29.1-15-g9cfb28693d (webtiles) character file.

Game seed: 12689109729244388674

142 Heoruswealwe the Magician (level 5, -12/28 HPs)
             Began as a Deep Elf Earth Elementalist on Apr 14, 2023.
             Mangled by a freezing wraith (14 damage)
             ... created by the anger of Yredelemnul
             ... on level 3 of the Dungeon.
             The game lasted 00:29:12 (1968 turns).

Heoruswealwe the Magician (DEEE)                    Turns: 1968, Time: 00:29:13

Health: -12/28     AC:  2    Str:  5    XL:     5   Next: 3%
Magic:  12/14      EV: 12    Int: 22    God:
Gold:   107        SH:  5    Dex: 15    Spells: 4/14 levels left

rFire   . . .      SeeInvis .   e - +1 dagger (speed)
rCold   . . .      Faith    .   (no shield)
rNeg    . . .      Spirit   .   a - +0 robe
rPois   .          Reflect  +   (no helmet)
rElec   .          Harm     .   (no cloak)
rCorr   .          Rampage  .   (no gloves)
Will    .....                   (no boots)
Stlth   ++........              c - amulet of reflection
HPRegen 0.09/turn               p - ring of flight
MPRegen 0.14/turn               (no ring)

@: flying
A: no striking features
a: no special abilities


You were on level 3 of the Dungeon.
You visited 1 branch of the dungeon, and saw 3 of its levels.

You collected 107 gold pieces.

Inventory:

Hand Weapons
 e - a +1 dagger of speed (weapon)
Armour
 a - a +0 robe (worn)
 h - a +0 robe
 n - a +0 robe
 o - a +0 robe
Magical Staves
 m - a staff of cold
Jewellery
 c - an amulet of reflection (around neck)
 p - a ring of flight (left hand)
Scrolls
 d - 2 scrolls of teleportation
 q - a scroll of blinking
 r - a scroll of fear {unknown}
 s - a scroll of amnesia
 u - a scroll of poison {unknown}
Potions
 b - a potion of magic
 f - a potion of mutation {unknown}
 g - 2 potions of brilliance {unknown}
 i - 2 potions of curing {unknown}
 j - a potion of invisibility {unknown}
 k - 3 potions of attraction {unknown}
 l - a potion of heal wounds {unknown}


   Skills:
 - Level 2.4 Dodging
 - Level 2.4 Stealth
 + Level 5.4 Spellcasting
 - Level 1.1 Transmutations
 + Level 5.0 Earth Magic


You had 4 spell levels left.
You knew the following spells:

 Your Spells              Type           Power      Damage    Failure   Level
a - Sandblast             Erth           56%        2d13      1%          1
b - Stone Arrow           Conj/Erth      34%        3d9       11%         3
c - Petrify               Tmut/Erth      19%        N/A       26%         4
z - Passwall              Tmut/Erth      15%        N/A       4%          2

Your spell library contained the following spells:

 Spells                   Type           Power      Damage    Failure   Level
 Magic Dart               Conj           20%        1d4       10%         1
 Shock                    Conj/Air       20%        1d4       10%         1
 Summon Small Mammal      Summ           20%        N/A       10%         1
 Blink                    Tloc           10%        N/A       14%         2
 Call Canine Familiar     Summ           5%         N/A       28%         3
 Summon Guardian Golem    Hex/Summ       5%         N/A       28%         3
 Swiftness                Air            5%         N/A       28%         3
 Airstrike                Air            2%         2d(1-17)  67%         4
 Manifold Assault         Tloc           5%         N/A       95%         5
 Monstrous Menagerie      Summ           2%         N/A       100%        7
 Orb of Destruction       Conj           2%         9d5       100%        7
 Storm Form               Tmut/Air       4%         N/A       100%        7


Dungeon Overview and Level Annotations

Branches:
Dungeon (3/15)

Altars:
Yredelemnul

Shops:
D:1 =


Message History

You kill the rat!
The blast of sand hits the ball python!!
You kill the ball python!
You see here a ball python corpse.
Found a leather armour.
There is a stone staircase leading up here.
You see here a +0 leather armour.
Found a scroll of identify.
t - a scroll of identify
Found 15 gold pieces.
A bat comes into view.
Found a scroll labelled DUACANW ZIRCH.
You see here 15 gold pieces.
The blast of sand hits the bat!
You kill the bat!
You now have 107 gold pieces (gained 15).
u - a scroll labelled DUACANW ZIRCH
As you read the scroll of identify, it crumbles to dust.
s - a scroll of amnesia You see here a +0 leather armour.
There is a stone staircase leading up here.
You see here a ball python corpse.
Yredelemnul sends a servant to punish you.
A freezing wraith comes into view.
The blast of sand hits the freezing wraith!
The freezing wraith is lightly damaged.
The freezing wraith hits you! The freezing wraith freezes you!
The freezing wraith misses you.
You are too injured to fight recklessly!
Casting: Sandblast (safe; 1% risk of failure)
Confirm with . or Enter, or press ? or * to list all spells.
Aiming: Sandblast (safe; 1% risk of failure)
Press: ? - help, Shift-Dir - straight line, f/p - freezing wraith
Aim: a freezing wraith (lightly damaged, durably summoned, 83% to hit)
The blast of sand misses the freezing wraith.
The freezing wraith hits you!
* * * LOW HITPOINT WARNING * * *
The freezing wraith freezes you!
Ouch! That really hurt!
You die...

###.### ..... .....
.... ... #.#
#.##### ######
##@....######....#
#W.............#.##
#..................
#................##
#................#
#....<.........###
#.....<..........#
#########†#....#.#
#<#....#.#


You could see a freezing wraith.

Vanquished Creatures
  5 gnolls
  4 adders
  A worm (D:3)
  4 endoplasms (D:1)
  4 giant cockroaches
  4 hobgoblins
  A quokka (D:3)
  8 ball pythons
  5 bats
  4 frilled lizards
  5 goblins
  7 kobolds
  9 rats
61 creatures vanquished.

Vanquished Creatures (others)
  6 withered plants (D:2)
6 creatures vanquished.

Grand Total: 67 creatures vanquished

Notes
Turn   | Place    | Note
-------+----------+-------------------------------------------
     0 | D:1      | Heoruswealwe the Deep Elf Earth Elementalist began the
                  | quest for the Orb.
     0 | D:1      | Reached XP level 1. HP: 10/10 MP: 6/6
   291 | D:1      | Reached XP level 2. HP: 15/15 MP: 5/8
   294 | D:1      | Learned a level 2 spell: Passwall
   563 | D:1      | Found Enunutow's Jewellery Shop.
   621 | D:1      | Reached XP level 3. HP: 19/19 MP: 6/10
   625 | D:1      | Learned a level 3 spell: Stone Arrow
   684 | D:2      | Found a faded altar of an unknown god.
   774 | D:2      | Prayed at the altar of an unknown god.
   774 | D:2      | Became a worshipper of Yredelemnul the Dark
   774 | D:2      | Reached * piety under Yredelemnul
   775 | D:2      | Fell from the grace of Yredelemnul
   912 | D:2      | Reached XP level 4. HP: 24/24 MP: 10/12
   917 | D:2      | Learned a level 4 spell: Petrify
  1346 | D:2      | Got the Compilation of Conflict and Beckoning
  1440 | D:1      | You fall into a shaft and drop 1 floor!
  1645 | D:3      | Reached skill level 5 in Spellcasting
  1716 | D:3      | Reached skill level 5 in Earth Magic
  1716 | D:3      | Reached XP level 5. HP: 28/28 MP: 12/14
  1966 | D:3      | Noticed a freezing wraith
  1968 | D:3      | Mangled by a freezing wraith

Illustrated notes

Levels and vault maps discovered:
D:1:      nzn_arrival_water_spiral, layout_loops_cross, serial_shops,
          nicolae_shop_crystal
D:2:      layout_basic, ebering_ecumenical_altar_petrified,
          hangedman_glass_teeth, chequers_arboretum, minmay_pentomino_p2
D:3:      layout_basic, serial_shops, shop, minmay_crystal_room, minivault_25

Skill      XL: |  1  2  3  4 |
---------------+-------------+-----
Spellcasting   | 4 5 |  5.4
Earth Magic    | 4 5 |  5.0
Dodging        | |  2.4
Stealth        | |  2.4
Transmutations | |  1.1

Action                   |  1- 3 |  4- 6 || total
-------------------------+-------+-------++-------
Melee: Dagger            |    47 |     1 ||    48
 Cast: Sandblast         |    41 |    37 ||    78
       Passwall          |     1 |     2 ||     3
Invok: Renounce Religion |     1 |       ||     1
  Use: Scroll            |       |     4 ||     4
Armor: Robe              |       |     1 ||     1
Dodge: Dodged            |     5 |     2 ||     7
Block: Other             |     1 |     6 ||     7
       Reflection        |       |     1 ||     1
